CAL (WIN)
TAMPA YANKEES @ BRADENTON MARAUDERS
12/18/2046
 
TOP OF THE 1ST
Tampa Yankees batting - Pitching for Bradenton Marauders : LHP Grady Hebert
Pitching: LHP Grady Hebert
Pinch Hitting: RHB Graham Murphy 0-0: Called Strike
0-1: Ball
1-1: Ground out 6-3 (Groundball, 6, EV 88.1 MPH)
Batting: RHB Bill Nguyen-Tan 0-0: Ball
1-0: Ball
2-0: Ball
3-0: Base on Balls
Batting: RHB Bryan Westray 0-0: Ball
1-0: Ball
2-0: Called Strike
2-1: DOUBLE (Line Drive, 89D, EV 105.6 MPH)
Bill Nguyen-Tan to third
Runner from 3rd tries for Home, SAFE, throw by RF to home
Batting: RHB Iften Olujimi 0-0: Foul Ball, location: 2F
0-1: Ball
1-1: Foul Ball, location: 2F
1-2: Foul Ball, location: 2F
1-2: Strikes out swinging, 2-3 out at first.
Batting: RHB Alfredo Rodriguez 0-0: Ball
Wild Pitch!
Bryan Westray to third
1-0: Ball
Wild Pitch!
Bryan Westray scores
2-0: Foul Ball, location: 2F
2-1: Called Strike
2-2: Fly out, F8 (Flyball, 8RD, EV 93.8 MPH)
Top of the 1st over - 2 runs, 1 hit, 0 errors, 0 left on base; Tampa 2 - Bradenton 0
BOTTOM OF THE 1ST
Bradenton Marauders batting - Pitching for Tampa Yankees : RHP Travis Stump
Pitching: RHP Travis Stump
Now in LF: Bill Nguyen-Tan
Now in CF: Marc Durgin
Batting: LHB Joe Hoover 0-0: Called Strike
0-1: Ball
1-1: Foul Ball, location: 2F
1-2: Fly out, F7 (Flyball, 7LSF, EV 85.0 MPH)
Batting: RHB Keiji Nakajima 0-0: Ball
1-0: Ball
2-0: Ground out 4-3 (Groundball, 4, EV 88.1 MPH)
Batting: RHB Zach Chmieleski 0-0: Swinging Strike
0-1: Swinging Strike
0-2: Foul Ball, location: 2F
0-2: Ball
1-2: Ball
2-2: Ball
3-2: Reached on error, E5 (Groundball, 56, EV 90.6 MPH)
Batting: RHB Ron Corn 0-0: Foul Ball, location: 2F
0-1: Called Strike
0-2: Ball
1-2: Ball
2-2: Ball
3-2: Ground out 4-3 (Groundball, 4, EV 77.5 MPH)
Bottom of the 1st over - 0 runs, 0 hits, 1 error, 1 left on base; Tampa 2 - Bradenton 0
TOP OF THE 2ND
Tampa Yankees batting - Pitching for Bradenton Marauders : LHP Grady Hebert
Batting: RHB Lorenzo Vasquez 0-0: Ball
1-0: Ball
2-0: Ball
3-0: Called Strike
3-1: Foul Ball, location: 2F
3-2: Base on Balls
Batting: LHB Dale Anderson 0-0: Swinging Strike
0-1: Called Strike
0-2: SINGLE (Groundball, 34D, EV 99.4 MPH)
Lorenzo Vasquez to second
Runner from 2nd tries for 3rd, SAFE, throw by RF made to third
Batting: SHB Houston Phillips 0-0: Ball
1-0: Ball
2-0: Fly out, F8 (Flyball, 8RD, EV 103.1 MPH)
Runner from 3rd tags up, SCORES, no throw by CF
Batting: RHB Louwe Starmans 0-0: Ball
1-0: Ball
2-0: Fly out, F7 (Line Drive, 7D, EV 91.9 MPH)
Batting: LHB Marc Durgin 0-0: Called Strike
0-1: Fly out, F7 (Flyball, 7LS, EV 90.0 MPH)
Top of the 2nd over - 1 run, 1 hit, 0 errors, 1 left on base; Tampa 3 - Bradenton 0
BOTTOM OF THE 2ND
Bradenton Marauders batting - Pitching for Tampa Yankees : RHP Travis Stump
Batting: LHB Brandon Sarni 0-0: Swinging Strike
0-1: Foul Ball, location: 2F
0-2: Strikes out swinging
Batting: RHB Freddy Quintero 0-0: Called Strike
0-1: Foul Ball, location: 2F
0-2: Ground out 5-3 (Groundball, 56, EV 88.8 MPH)
Batting: LHB Donald Imre 0-0: Ball
1-0: Foul Ball, location: 2F
1-1: Ball
2-1: Foul Ball, location: 2F
2-2: Ground out 5-3 (Groundball, 5, EV 108.1 MPH)
Bottom of the 2nd over - 0 runs, 0 hits, 0 errors, 0 left on base; Tampa 3 - Bradenton 0
TOP OF THE 3RD
Tampa Yankees batting - Pitching for Bradenton Marauders : LHP Grady Hebert
Batting: RHB Bill Nguyen-Tan 0-0: SINGLE (Line Drive, 56D, EV 97.5 MPH)
Batting: RHB Bryan Westray 0-0: Foul Ball, location: 2F
0-1: Called Strike
0-2: Ball
1-2: Foul Ball, location: 2F
1-2: Foul Ball, location: 2F
1-2: Fielders Choice at 2nd, 1-6 (Groundball, 13S, EV 69.4 MPH)
Batting: RHB Iften Olujimi 0-0: Swinging Strike
0-1: Foul Ball, location: 2F
0-2: Foul Ball, location: 2F
0-2: Ball
1-2: Ball
Pickoff Throw to First - Out! 1-3
2-2: Strikes out swinging
Top of the 3rd over - 0 runs, 1 hit, 0 errors, 0 left on base; Tampa 3 - Bradenton 0
BOTTOM OF THE 3RD
Bradenton Marauders batting - Pitching for Tampa Yankees : RHP Travis Stump
Batting: RHB Pleun Smit 0-0: Ball
1-0: Ball
2-0: Ground out 6-3 (Groundball, 6, EV 84.4 MPH)
Batting: SHB Juan Ayala 0-0: Foul Ball, location: 2F
0-1: DOUBLE (Line Drive, 5D, EV 105.6 MPH)
Batting: LHB Joe Hoover 0-0: Called Strike
0-1: Foul Ball, location: 2F
0-2: Foul Ball, location: 2F
0-2: TRIPLE (Flyball, 9D, EV 110.0 MPH)
Juan Ayala scores
Batting: RHB Keiji Nakajima 0-0: Foul Ball, location: 2F
0-1: Foul Ball, location: 2F
0-2: Ball
1-2: Foul Ball, location: 2F
1-2: 2-RUN HOME RUN (Flyball, 7D, EV 95.6 MPH), Distance : 357 ft
Batting: RHB Zach Chmieleski 0-0: Ball
1-0: Ball
2-0: Called Strike
2-1: Ball
3-1: Base on Balls
Batting: RHB Ron Corn 0-0: Ball
1-0: Ball
2-0: Ball
3-0: Called Strike
3-1: Foul Ball, location: 2F
3-2: Base on Balls
Zach Chmieleski to second
Batting: LHB Brandon Sarni 0-0: Ball
1-0: Ball
2-0: Ball
3-0: Called Strike
3-1: Base on Balls
Zach Chmieleski to third
Ron Corn to second
Batting: RHB Freddy Quintero 0-0: Called Strike
0-1: Fly out, F7 (Flyball, 7LD, EV 96.9 MPH)
Runner from 3rd tags up, SCORES, no throw by LF
Ron Corn to third
Batting: LHB Donald Imre 0-0: Ball
1-0: Ball
2-0: Ball
3-0: Base on Balls
Brandon Sarni to second
Batting: RHB Pleun Smit 0-0: Ball
1-0: SINGLE (Groundball, 56D, EV 100.0 MPH)
Ron Corn scores
Brandon Sarni to third
Donald Imre to second
Runner from 3rd tries for Home, SAFE, throw by LF to home
Pitching: RHP Austin Trzcinski
Batting: SHB Juan Ayala 0-0: Foul Ball, location: 2F
0-1: Called Strike
0-2: Strikes out swinging
Bottom of the 3rd over - 6 runs, 4 hits, 0 errors, 2 left on base; Tampa 3 - Bradenton 6
TOP OF THE 4TH
Tampa Yankees batting - Pitching for Bradenton Marauders : LHP Grady Hebert
Batting: RHB Alfredo Rodriguez 0-0: Ball
1-0: Called Strike
1-1: Called Strike
1-2: Foul Ball, location: 2F
1-2: Ground out 6-3 (Groundball, 6, EV 80.6 MPH)
Batting: RHB Lorenzo Vasquez 0-0: Called Strike
0-1: Called Strike
0-2: Ball
1-2: Ball
2-2: Foul Ball, location: 2F
2-2: Ball
3-2: SINGLE (Groundball, 6M, EV 96.2 MPH)
Batting: LHB Dale Anderson 0-0: Ball
1-0: Foul Ball, location: 2F
1-1: Swinging Strike
1-2: Strikes out swinging
Batting: SHB Houston Phillips 0-0: Foul Ball, location: 2F
0-1: Ground out 4-3 (Groundball, 4, EV 81.9 MPH)
Top of the 4th over - 0 runs, 1 hit, 0 errors, 1 left on base; Tampa 3 - Bradenton 6
BOTTOM OF THE 4TH
Bradenton Marauders batting - Pitching for Tampa Yankees : RHP Austin Trzcinski
Batting: LHB Joe Hoover 0-0: Ball
1-0: Ball
2-0: Ball
3-0: Base on Balls
Batting: RHB Keiji Nakajima 0-0: Called Strike
0-1: Foul Ball, location: 2F
0-2: Ball
1-2: Ball
2-2: Strikes out swinging
Batting: RHB Zach Chmieleski 0-0: Foul Ball, location: 2F
0-1: Fly out, F6 (Popup, 6MS, EV 73.1 MPH)
Batting: RHB Ron Corn 0-0: Ball
1-0: Swinging Strike
1-1: Swinging Strike
1-2: Foul Ball, location: 2F
1-2: Ball
2-2: Ground out 6-3 (Groundball, 6M, EV 99.4 MPH)
Bottom of the 4th over - 0 runs, 0 hits, 0 errors, 1 left on base; Tampa 3 - Bradenton 6
TOP OF THE 5TH
Tampa Yankees batting - Pitching for Bradenton Marauders : LHP Grady Hebert
Batting: RHB Louwe Starmans 0-0: SINGLE (Groundball, 6MD, EV 104.4 MPH)
Batting: LHB Marc Durgin 0-0: Foul Ball, location: 2F
0-1: Called Strike
0-2: Strikes out swinging
Batting: RHB Bill Nguyen-Tan 0-0: Foul Ball, location: 2F
0-1: Foul Ball, location: 2F
0-2: Hit by Pitch
Louwe Starmans to second
Batting: RHB Bryan Westray 0-0: Ball
1-0: Called Strike
1-1: Grounds into double play, 6-4-3 (Groundball, 6, EV 100.0 MPH)
Top of the 5th over - 0 runs, 1 hit, 0 errors, 1 left on base; Tampa 3 - Bradenton 6
BOTTOM OF THE 5TH
Bradenton Marauders batting - Pitching for Tampa Yankees : RHP Austin Trzcinski
Batting: LHB Brandon Sarni 0-0: Foul Ball, location: 2F
0-1: Ball
1-1: SINGLE (Flyball, 9LS, EV 88.1 MPH)
Batting: RHB Freddy Quintero 0-0: Called Strike
0-1: Ball
1-1: Ball
2-1: Ball
Wild Pitch!
Brandon Sarni to second
3-1: Fly out, F7 (Flyball, 7LSF, EV 76.9 MPH)
Batting: LHB Donald Imre 0-0: Fly out, F6 (Popup, 6M, EV 65.6 MPH)
Batting: RHB Pleun Smit 0-0: Called Strike
0-1: Foul Ball, location: 2F
0-2: Foul Ball, location: 2F
0-2: Ball
1-2: Ball
2-2: Ball
3-2: Foul Ball, location: 2F
3-2: Foul Ball, location: 2F
3-2: Foul Ball, location: 2F
3-2: Ground out 5-3 (Groundball, 5S, EV 71.9 MPH)
Bottom of the 5th over - 0 runs, 1 hit, 0 errors, 1 left on base; Tampa 3 - Bradenton 6
TOP OF THE 6TH
Tampa Yankees batting - Pitching for Bradenton Marauders : LHP Grady Hebert
Batting: RHB Iften Olujimi 0-0: Called Strike
0-1: Called Strike
0-2: Ball
1-2: Strikes out swinging
Batting: RHB Alfredo Rodriguez 0-0: Called Strike
0-1: Ball
1-1: Foul Ball, location: 2F
1-2: Ground out 4-3 (Groundball, 4, EV 86.2 MPH)
Batting: RHB Lorenzo Vasquez 0-0: Ball
1-0: Called Strike
1-1: Ball
2-1: Swinging Strike
2-2: Foul Ball, location: 2F
2-2: Ball
3-2: Strikes out looking
Top of the 6th over - 0 runs, 0 hits, 0 errors, 0 left on base; Tampa 3 - Bradenton 6
BOTTOM OF THE 6TH
Bradenton Marauders batting - Pitching for Tampa Yankees : RHP Austin Trzcinski
Batting: SHB Juan Ayala 0-0: DOUBLE (Flyball, 8RXD, EV 106.2 MPH)
Batting: LHB Joe Hoover 0-0: Ball
1-0: Called Strike
1-1: SINGLE (Groundball, 34D, EV 100.0 MPH)
Juan Ayala to third
Batting: RHB Keiji Nakajima 0-0: Swinging Strike
0-1: Fly out, F8 (Line Drive, 8RD, EV 90.6 MPH)
Runner from 3rd tags up, OUT at HOME! 8-2
Joe Hoover to second
Batting: RHB Zach Chmieleski 0-0: Foul Ball, location: 2F
0-1: Swinging Strike
0-2: Foul Ball, location: 2F
0-2: Strikes out swinging
Bottom of the 6th over - 0 runs, 2 hits, 0 errors, 1 left on base; Tampa 3 - Bradenton 6
TOP OF THE 7TH
Tampa Yankees batting - Pitching for Bradenton Marauders : LHP Grady Hebert
Batting: LHB Dale Anderson 0-0: Ball
1-0: Foul Ball, location: 2F
1-1: Fly out, F8 (Flyball, 89M, EV 71.2 MPH)
Batting: SHB Houston Phillips 0-0: Swinging Strike
0-1: Ball
1-1: Ground out 4-3 (Groundball, 34, EV 101.9 MPH)
Batting: RHB Louwe Starmans 0-0: Ball
1-0: Foul Ball, location: 2F
1-1: Ball
2-1: Ground out 6-3 (Groundball, 6M, EV 83.8 MPH)
Top of the 7th over - 0 runs, 0 hits, 0 errors, 0 left on base; Tampa 3 - Bradenton 6
BOTTOM OF THE 7TH
Bradenton Marauders batting - Pitching for Tampa Yankees : RHP Austin Trzcinski
Batting: RHB Ron Corn 0-0: Fly out, F7 (Flyball, 7S, EV 88.8 MPH)
Batting: LHB Brandon Sarni 0-0: Called Strike
0-1: Ground out U3 (Groundball, 34, EV 101.2 MPH)
Batting: RHB Freddy Quintero 0-0: Ball
1-0: Swinging Strike
1-1: Ball
2-1: SINGLE (Groundball, 6MD, EV 99.4 MPH)
Batting: LHB Donald Imre 0-0: Called Strike
0-1: Foul Ball, location: 2F
0-2: Ball
1-2: Ball
2-2: Fly out, F8 (Flyball, 8LD, EV 109.4 MPH)
Bottom of the 7th over - 0 runs, 1 hit, 0 errors, 1 left on base; Tampa 3 - Bradenton 6
TOP OF THE 8TH
Tampa Yankees batting - Pitching for Bradenton Marauders : LHP Grady Hebert
Pitching: RHP Steve Kane
Batting: LHB Marc Durgin 0-0: Called Strike
0-1: Ball
1-1: Ball
2-1: Ball
3-1: Called Strike
3-2: Foul Ball, location: 2F
3-2: Ground out 6-3 (Groundball, 6M, EV 89.4 MPH)
Batting: RHB Bill Nguyen-Tan 0-0: Ball
1-0: Called Strike
1-1: Ball
2-1: Foul Ball, location: 2F
2-2: Foul Ball, location: 2F
2-2: Strikes out swinging
Batting: RHB Bryan Westray 0-0: Ball
1-0: Called Strike
1-1: Ball
2-1: Ball
3-1: Fly out, F8 (Flyball, 8LM, EV 88.8 MPH)
Top of the 8th over - 0 runs, 0 hits, 0 errors, 0 left on base; Tampa 3 - Bradenton 6
BOTTOM OF THE 8TH
Bradenton Marauders batting - Pitching for Tampa Yankees : RHP Austin Trzcinski
Pitching: RHP Willie Perez
Batting: RHB Pleun Smit 0-0: Foul Ball, location: 2F
0-1: Foul Ball, location: 2F
0-2: Strikes out swinging
Batting: SHB Juan Ayala 0-0: Ball
1-0: Called Strike
1-1: DOUBLE (Groundball, 3L, EV 104.4 MPH)
Batting: LHB Joe Hoover 0-0: Ball
1-0: Foul Ball, location: 2F
1-1: Swinging Strike
1-2: Strikes out swinging
Batting: RHB Keiji Nakajima 0-0: Ball
1-0: Ball
2-0: Ball
3-0: Base on Balls
Batting: RHB Zach Chmieleski 0-0: Ball
1-0: Ball
2-0: Foul Ball, location: 2F
2-1: Ball
3-1: Fly out, F7 (Flyball, 7S, EV 88.1 MPH)
Bottom of the 8th over - 0 runs, 1 hit, 0 errors, 2 left on base; Tampa 3 - Bradenton 6
TOP OF THE 9TH
Tampa Yankees batting - Pitching for Bradenton Marauders : RHP Steve Kane
Batting: RHB Iften Olujimi 0-0: Foul Ball, location: 2F
0-1: Ball
1-1: Ball
2-1: Ball
3-1: Swinging Strike
3-2: Strikes out swinging
Batting: RHB Alfredo Rodriguez 0-0: Ball
1-0: Foul Ball, location: 2F
1-1: Foul Ball, location: 2F
1-2: Strikes out looking
Batting: RHB Lorenzo Vasquez 0-0: Ball
1-0: Called Strike
1-1: Swinging Strike
1-2: Ball
2-2: Foul Ball, location: 2F
2-2: Ball
3-2: Strikes out swinging
Top of the 9th over - 0 runs, 0 hits, 0 errors, 0 left on base; Tampa 3 - Bradenton 6
Tuesday, September 13th , 2022 - OOTP Baseball 23.7 Build 88